 Seeded DCSS version 0.31.0-11-ge490571c62 (webtiles) character file.

Game seed: 1199980653827765208 (custom seed)

2156 CInkIbrahim the Grappler (level 9, 0/60 HPs)
             Began as a Demonspawn Shapeshifter on Jan 29, 2024.
             Was an Elder of Lugonu.
             Shot with an arrow by a centaur (11 damage)
             ... on level 7 of the Dungeon.
             The game lasted 00:16:08 (5691 turns).

CInkIbrahim the Grappler (Demonspawn Shapeshifter)  Turns: 5691, Time: 00:16:08

Health: 0/60       AC:  4    Str: 18    XL:     9   Next: 10%
Magic:  9/9        EV: 16    Int: 10    God:    Lugonu [****..]
Gold:   437        SH:  6    Dex: 14    Spells: 8/8 levels left

rFire   . .          .
                       - Unarmed
rCold   . . .        s - +2 buckler
rNeg    . . .        y - +0 leather armour {rPois}
rPois   +            (helmet currently unavailable)
rElec   .            (cloak currently unavailable)
rCorr   .            (gloves currently unavailable)
SInv    .            (boots currently unavailable)
Will    .....        g - amulet of magic regeneration
Stlth   +            k - +4 ring of slaying
HPRegen 0.30/turn    v - +5 ring of evasion
MPRegen 0.51/turn

%: no passive effects
@: beast-form, invisible
A: beast (slay +3), antennae 1, rugged brown scales 1, ignite blood 1, powered
by death 2
a: Begin Untransformation, Renounce Religion, Depart the Abyss, Banish, Corrupt


You were on level 7 of the Dungeon.
You worshipped Lugonu.
Lugonu was greatly pleased with you.
You were a hulking beast.
You visited 2 branches of the dungeon, and saw 8 of its levels.

You collected 437 gold pieces.

Inventory:

Missiles
 p - 8 poisoned darts (quivered)
 I - 5 datura-tipped darts
Armour
 a - a +0 animal skin
 j - a +0 pair of gloves
 s - a +2 buckler (worn)
 t - a +0 tower shield
 y - a +0 leather armour of poison resistance (worn)
Jewellery
 g - an amulet of magic regeneration (around neck)
 k - a +4 ring of slaying (left hand)
 m - a ring of resist corrosion
 r - a ring of ice
 v - a +5 ring of evasion (right hand)
 A - a ring of flight
 C - a ring of poison resistance
Talismans
 c - a beast talisman
 d - a flux talisman
 q - a flux talisman
 u - a beast talisman
 E - the serpent talisman "Zaifrumm" {Will+++ Int-3 Slay+4}
   (You found it on level 6 of the Dungeon)

   [serpent talisman]

   Int-3:     It affects your intelligence (-3).
   Slay+4:    It affects your accuracy & damage with ranged weapons and melee
   (+4).
   Will+++:   It greatly increases your willpower.
Wands
 b - a wand of flame (58)
 H - a wand of iceblast (10)
Scrolls
 e - 3 scrolls of teleportation
 f - a scroll of amnesia
 l - a scroll of enchant armour {unknown}
 n - 2 scrolls of torment
 o - a scroll of immolation
 x - a scroll of revelation
 z - a scroll of enchant weapon {unknown}
 G - a scroll of noise {unknown}
Potions
 h - 2 potions of enlightenment
 i - 2 potions of magic
 w - 2 potions of berserk rage
 D - a potion of curing
 F - a potion of brilliance {unknown}


   Skills:
 - Level 1.0 Fighting
 - Level 1.7 Dodging
 * Level 9.5 Unarmed Combat
 + Level 1.2 Invocations
 + Level 6.2 Shapeshifting


You had 8 spell levels left.
You didn't know any spells.
Your spell library contained the following spells:

 Spells                   Type           Power      Damage    Failure   Level
 Apportation              Tloc           0%         N/A       52%         1
 Magic Dart               Conj           0%         1d3       52%         1
 Necrotise                Necr           0%         1d4       52%         1
 Sting                    Conj/Alch      0%         1d3       52%         1
 Summon Small Mammal      Summ           0%         N/A       52%         1
 Blink                    Tloc           0%         N/A       65%         2
 Call Imp                 Summ           0%         N/A       65%         2
 Lesser Beckoning         Tloc           0%         N/A       65%         2
 Sublimation of Blood     Necr           0%         N/A       65%         2
 Gell's Gravitas          Tloc           0%         N/A       87%         3
 Teleport Other           Tloc           0%         N/A       87%         3
 Petrify                  Alch/Erth      0%         N/A       99%         4
 Irradiate                Conj/Alch      0%         3d11      100%        5


Dungeon Overview and Level Annotations

Branches:
Dungeon (7/15)             Temple (1/1) D:6

Altars:
Ashenzari
Cheibriados
Dithmenos
Fedhas
Gozag
Hepliaklqana
Kikubaaqudgha
Makhleb
Nemelex Xobeh
Okawaru
Qazlal
Ru
Sif Muna
Uskayaw
Vehumet
Wu Jian
Yredelemnul
Lugonu

Annotations:
D:6 2 transporters


Innate Abilities, Weirdness & Mutations

You are a hulking beast.
Your limbs bulge with bestial killing power. (Slay +3)
You have a pair of small antennae on your head.
You are partially covered in rugged brown scales. (AC +1, +3% HP)
Your demonic aura sometimes causes spilled blood to erupt in flames.
You regenerate health from kills.


Message History

HP restored.
You now have 437 gold pieces (gained 14).
Found an escape hatch in the ceiling.
No target in view!
Found a bubbling green potion.
A centaur comes into view.
The centaur shouts!
You hear a shout! x2
A centaur comes into view.
The centaur wields a +0 orcbow.
The centaur shoots an arrow.
The arrow misses you.
A centaur comes into view.
The centaur wields a +0 orcbow.
The centaur shoots an arrow.
The arrow completely misses you.
The centaur shoots an arrow.
The arrow hits you!
The centaur wields a +0 orcbow.
The centaur shoots an arrow.
The arrow hits you!
The centaur shoots an arrow.
The arrow hits you!
The centaur shoots an arrow.
The arrow hits you!
* * * LOW HITPOINT WARNING * * *
Okay, then.
You fade into invisibility!
A centaur comes into view.
The centaur shoots an arrow.
The arrow hits you.
* * * LOW HITPOINT WARNING * * *
The centaur shoots an arrow.
The arrow closely misses you.
The centaur shoots an arrow.
The arrow hits you.
* * * LOW HITPOINT WARNING * * *
The centaur shouts!
Found a wand of flame (8).
The centaur shoots an arrow.
The centaur shoots an arrow. x2; The arrow barely misses you.
The centaur shoots an arrow.
You hear a shout!
You see here a wand of polymorph (12).
A centaur comes into view.
Found a stone staircase leading down.
The centaur wields a +0 orcbow.
The centaur shoots an arrow. x2; The arrow barely misses you.
The centaur shoots an arrow.
The centaur moves out of view.
There is an escape hatch in the ceiling here.
The centaur shoots an arrow.
You block the arrow.
The centaur shoots an arrow. x3
The arrow hits you!
You die...

.# ># /# .# .####
##....##. #.!.....≈
#.######h##.≈≈≈
......./.≈≈≈≈≈≈≈
#######.≈≈≈≈≈≈≈≈ #..#
#.≈≈≈≈≈≈.. #..#
##.≈≈≈≈≈cc. ####..#
######..≈≈≈≈≈ccc
.....###.).....≈≈≈≈.c..
.......)####...≈≈≈...#
#.............≈≈≈..#


You could see 6 centaurs.

Vanquished Creatures
  Pikel (D:6)
  Edmund (D:6)
  Duvessa (D:5)
  3 ice beasts
  A sky beast (D:5)
  2 ogres (D:5)
  A lemure (D:6)
  2 phantoms
  Dowan (D:5)
  2 bombardier beetles
  3 orc priests
  A hound (D:5)
  2 jellies (D:5)
  3 iguanas
  6 orc wizards
  Terence (D:3)
  11 adders
  2 shadow imps
  2 ufetubi (D:5)
  2 ribbon worms (D:2)
  2 dart slugs (D:1)
  26 orcs
  8 ball pythons
  7 endoplasms
  3 giant cockroaches
  9 hobgoblins
  6 jackals (D:4)
  6 kobolds
  5 quokkas
  3 bats
  2 frilled lizards
  7 goblins
  6 rats
138 creatures vanquished.

Notes
Turn   | Place    | Note
-------+----------+-------------------------------------------
     0 | D:1      | CInkIbrahim the Demonspawn Shapeshifter began the quest for
                  | the Orb.
     0 | D:1      | Reached XP level 1. HP: 15/15 MP: 1/1
   122 | D:1      | Reached skill level 3 in Unarmed Combat
   162 | D:1      | Found a faded altar of an unknown god.
   168 | D:1      | Gained mutation: You regenerate a little health from kills.
                  | [demonic ancestry]
   168 | D:1      | Reached XP level 2. HP: 20/21 MP: 2/2
   186 | D:1      | Prayed at the altar of an unknown god.
   186 | D:1      | Became a worshipper of Lugonu the Unformed
   186 | D:1      | Reached * piety under Lugonu
  1055 | D:2      | Reached XP level 3. HP: 10/26 MP: 3/3
  1069 | D:2      | Reached skill level 4 in Unarmed Combat
  1233 | D:2      | Reached XP level 4. HP: 32/32 MP: 4/4
  1625 | D:2      | Reached ** piety under Lugonu
  1977 | D:3      | Noticed Terence
  1984 | D:3      | Killed Terence
  1985 | D:3      | Reached XP level 5. HP: 26/37 MP: 5/5
  2870 | D:4      | Found an iron altar of Okawaru.
  2991 | D:4      | Reached skill level 5 in Unarmed Combat
  3042 | D:4      | Noticed a phantom
  3049 | D:4      | Killed a phantom
  3210 | D:4      | Gained mutation: You regenerate health from kills. [demonic
                  | ancestry]
  3210 | D:4      | Reached XP level 6. HP: 43/43 MP: 6/6
  3298 | D:4      | Found an opulent altar of Gozag.
  3924 | D:5      | Entered Level 5 of the Dungeon
  3924 | D:5      | Noticed Duvessa
  3926 | D:5      | Noticed a sky beast
  3932 | D:5      | Noticed Dowan
  3935 | D:5      | Killed Duvessa
  3936 | D:5      | Reached skill level 6 in Unarmed Combat
  3937 | D:5      | Killed a sky beast
  3938 | D:5      | Gained mutation: You have a pair of small antennae on your
                  | head. [demonic ancestry]
  3938 | D:5      | Reached XP level 7. HP: 46/48 MP: 7/7
  3939 | D:5      | Killed Dowan
  4044 | D:5      | Reached *** piety under Lugonu
  4171 | D:5      | Reached skill level 7 in Unarmed Combat
  4251 | D:5      | Found a broken altar of Ashenzari.
  4300 | D:5      | Reached skill level 5 in Shapeshifting
  4304 | D:5      | Gained mutation: You are partially covered in rugged brown
                  | scales. (AC +1, +3% HP) [demonic ancestry]
  4304 | D:5      | Reached XP level 8. HP: 48/55 MP: 8/8
  4564 | D:5      | Found a stormy altar of Qazlal.
  4661 | D:6      | Identified the serpent talisman "Zaifrumm" {Will+++ Int-3
                  | Slay+4}
  4675 | D:6      | Noticed Pikel
  4693 | D:6      | Killed Pikel
  4694 | D:6      | Reached skill level 8 in Unarmed Combat
  4703 | D:6      | Found a radiant altar of Vehumet.
  4721 | D:6      | Noticed a kobold demonologist
  4722 | D:6      | Found a transporter.
  4726 | D:6      | Found a transporter.
  4819 | D:6      | Noticed an orc high priest
  4820 | D:6      | Noticed a kobold demonologist
  4887 | D:6      | Reached skill level 9 in Unarmed Combat
  4887 | D:6      | Noticed Edmund
  4910 | D:6      | Killed Edmund
  4927 | D:6      | Reached **** piety under Lugonu
  4935 | D:6      | Gained mutation: Your demonic aura sometimes causes spilled
                  | blood to erupt in flames. [demonic ancestry]
  4935 | D:6      | Reached XP level 9. HP: 39/60 MP: 9/9
  5330 | D:6      | Found a staircase to the Ecumenical Temple.
  5543 | Temple   | Entered the Ecumenical Temple
  5623 | D:7      | Reached skill level 1 in Invocations
  5691 | D:7      | Shot with an arrow by a centaur

Illustrated notes

Levels and vault maps discovered:
D:1:      dpeg_arrival_line_fractal, layout_basic, shapermc_ecumenical_altar_gd
D:2:      minmay_spotlight, layout_basic
D:3:      layout_loops_cross, uniq_terence
D:4:      layout_loops_corners, nicolae_gozag_seed_capital, okawaru_gym_becter,
          hangedman_decor_slide_cut, kennysheep_boxes
D:5:      layout_basic, mainiacjoe_overflow_alcove_1,
          nicolae_overflow_two_pavilions, uniq_duvessa
D:6:      gammafunk_wand_slinger, layout_loops_ring,
          nicolae_overflow_hidden_temple, minmay_temple_entry_statues,
          uniq_pikel, uniq_edmund
D:7:      bobbens_index_wilting_gardens, layout_loops_ring, zin_academy,
          serial_shops, shop, shop, shop, centaur_isle
Temple:   hellmonk_temple_two_chambers

Skill      XL: |  1  2  3  4  5  6  7  8  9 |
---------------+----------------------------+-----
Unarmed Combat | 3 4 5 6 7 9 |  9.5
Shapeshifting  | 3 4 5 6 |  6.2
Invocations    | 1 |  1.2
Fighting       | |  1.0
Dodging        | |  1.7

Action                     |  1- 3 |  4- 6 |  7- 9 || total
---------------------------+-------+-------+-------++-------
  Melee: Unarmed           |   102 |   126 |   162 ||   390
         Punch             |       |     1 |       ||     1
    Use: Potion            |     3 |     3 |     2 ||     8
         Scroll            |       |     6 |     3 ||     9
   Stab: Sleeping          |       |     4 |     1 ||     5
 Armour: Animal skin       |    52 |    35 |       ||    87
         Skin              |     5 |     2 |       ||     7
         Leather armour    |       |     2 |    78 ||    80
  Dodge: Dodged            |    44 |    48 |   107 ||   199
  Block: Buckler           |       |     8 |    31 ||    39
